 Dungeon Crawl Stone Soup version 0.28.0 (webtiles) character file.

Game seed: 1542917781260902705

345 tizbic2 the Sneak (level 6, 0/52 (56) HPs)
             Began as a Naga Berserker on Feb 6, 2022.
             Was a Believer of Trog.
             Slain by a wight (3 damage)
             ... on level 3 of the Dungeon.
             The game lasted 00:13:26 (2356 turns).

tizbic2 the Sneak (Naga Berserker)                  Turns: 2356, Time: 00:13:26

HP:   0/52 (56)     AC:  4    Str: 19    XL:     6   Next: 58%
MP:   6/6           EV:  9    Int:  8    God:    Trog [**....]
Gold: 118           SH:  0    Dex: 12    Spells: 5/5 levels left

rFire   . . .      SeeInvis +   w - +0 trident
rCold   . . .      Faith    .   (no shield)
rNeg    . . .      Spirit   .   i - +0 ring mail
rPois   +          Reflect  .   (no helmet)
rElec   .          Harm     .   (no cloak)
rCorr   .          Rampage  .   (no gloves)
Will    +....                   (no barding)
Stlth   +++.......              (no amulet)
HPRegen 0.17/turn               m - ring of willpower
MPRegen 0.10/turn               (no ring)

@: on berserk cooldown, slowed, drained, very slow
A: AC +2, large, see invisible, deformed body, poison resistance, slowness 2,
spit poison 1, naga tail 1
a: Spit Poison, Renounce Religion, Berserk, Trog's Hand


You were on level 3 of the Dungeon.
You worshipped Trog.
Trog was pleased with you.
You visited 1 branch of the dungeon, and saw 3 of its levels.

You collected 118 gold pieces.

Inventory:

Hand Weapons
 q - a +0 dagger
 w - a +0 trident (weapon)
Missiles
 c - 24 stones (quivered)
 h - 36 bolts
Armour
 i - a +0 ring mail (worn)
Jewellery
 m - a ring of willpower (left hand)
Wands
 k - a wand of polymorph (7)
Scrolls
 b - a scroll of vulnerability {unknown}
 f - a scroll of noise {unknown}
 g - a scroll of amnesia {unknown}
Potions
 a - a potion of curing {unknown}
 d - 2 potions of haste {unknown}
 e - a potion of brilliance {unknown}
 j - a potion of might
 l - a potion of heal wounds {unknown}
 n - a potion of magic {unknown}


   Skills:
 - Level 3.0 Fighting
 - Level 3.0 Short Blades
 * Level 4.6 Polearms
 - Level 1.5 Armour
 - Level 1.5 Dodging
 + Level 6.6 Stealth


You had 5 spell levels left.
You didn't know any spells.
Your spell library was empty.

Dungeon Overview and Level Annotations

Branches:
Dungeon (3/15)

Altars:


Innate Abilities, Weirdness & Mutations

Your serpentine skin is tough. (AC +2)
You have supernaturally acute eyesight. (SInv)
Armour fits poorly on your strangely shaped body.
Your system is resistant to poisons. (rPois)
You cover ground very slowly.
You can spit poison.
You have a snake-like lower body.


Message History

You hit the wight.
The wight is severely damaged.
You barely miss the wight.
The wight is severely damaged.
The wight hits you but does no damage.
You puncture the wight!
You destroy the wight!
Trog accepts your kill.
You closely miss the wight. The wight barely misses you.
You barely miss the wight. You hit the wight.
The wight is lightly damaged.
The wight hits you with a +4 dagger.
You puncture the wight!
The wight is almost destroyed.
You are no longer berserk.
You are exhausted.
You feel yourself slow down. The wight hits you with a +4 dagger.
You feel drained.
You puncture the wight!
You destroy the wight!
Trog accepts your kill.
Your life force feels restored.
You barely miss the wight. The wight barely misses you.
You barely miss the wight.
The wight hits you with a +2 mace of freezing.
You feel drained.
* * * LOW HITPOINT WARNING * * *
The wight freezes you.
* * * LOW HITPOINT WARNING * * *
The wight hits you with a +2 mace of freezing.
* * * LOW HITPOINT WARNING * * *
You feel drained. The wight freezes you.
* * * LOW HITPOINT WARNING * * *
The wight hits you with a +2 mace of freezing.
* * * LOW HITPOINT WARNING * * *
You feel drained.
* * * LOW HITPOINT WARNING * * *
The wight freezes you.
You die...

.# #.# ##.###.# #... ..#
##..###.## ######!....... ###
.. .........# #.# #.. #^##
#.. #z# #<# #.# .... #.# #z#
#.# #.# #.# .....#.# #@# #.#
#.# #.# ...#.# #.# #.# #.#
#.^ !^.# #.# #.# #.# #.#
#†####)####.# #.# #.#
#..#........# #.# #.#
#....#.###### #.#
#.#########..#.#.# #.#
#............#.#.# #.#
#.#.###..#####.#.############
#.#


You could see 2 wights.

Vanquished Creatures
  3 wights (D:3)
  An orc wizard (D:3)
  Natasha (thrice) (D:2)
  4 gnolls (D:2)
  3 adders (D:2)
  2 dart slugs (D:2)
  2 orcs (D:3)
  3 ball pythons (D:1)
  8 bats
  5 endoplasms
  A giant cockroach (D:1)
  6 hobgoblins
  4 jackals (D:1)
  A quokka (D:3)
  2 frilled lizards
  7 goblins
  2 kobolds (D:1)
  A rat (D:1)
58 creatures vanquished.

Notes
Turn   | Place    | Note
-------+----------+-------------------------------------------
     0 | D:1      | tizbic2 the Naga Berserker began the quest for the Orb.
     0 | D:1      | Reached XP level 1. HP: 21/21 MP: 1/1
   114 | D:1      | Reached skill level 1 in Stealth
   147 | D:1      | Reached skill level 1 in Polearms
   147 | D:1      | Reached XP level 2. HP: 20/28 MP: 2/2
   336 | D:1      | Reached skill level 2 in Stealth
   727 | D:1      | Reached XP level 3. HP: 28/34 MP: 3/3
   863 | D:2      | Reached skill level 3 in Stealth
   968 | D:2      | Noticed Natasha
   975 | D:2      | HP: 1/34 [Natasha (6)]
   976 | D:2      | Killed Natasha
   977 | D:2      | Reached XP level 4. HP: 2/42 MP: 4/4
  1165 | D:2      | Noticed Natasha
  1170 | D:2      | Killed Natasha
  1170 | D:2      | Reached ** piety under Trog
  1171 | D:2      | Reached skill level 4 in Stealth
  1423 | D:2      | Reached skill level 5 in Stealth
  1423 | D:2      | Reached XP level 5. HP: 43/49 MP: 5/5
  1532 | D:2      | Noticed Natasha
  1547 | D:2      | Killed Natasha
  1934 | D:3      | Reached skill level 6 in Stealth
  1934 | D:3      | Reached XP level 6. HP: 56/56 MP: 6/6
  2356 | D:3      | Slain by a wight

Illustrated notes

Levels and vault maps discovered:
D:1:      ebering_trefoil_3fold, layout_basic, minmay_heptomino_d4
D:2:      layout_loops_ring, st_stairs_7, minmay_fractal_squares_5, uniq_natasha
D:3:      layout_loops_ring, lemuel_tele_altar,
          hellmonk_ecumenical_altar_prayer_group

Skill      XL: |  1  2  3  4  5  6 |
---------------+-------------------+-----
Stealth        | 1 2 3 5 6 |  6.6
Polearms       | 1 2 3 4 |  4.6
Fighting       | |  3.0
Short Blades   | |  3.0
Armour         | |  1.5
Dodging        | |  1.5

Action                   |  1- 3 |  4- 6 || total
-------------------------+-------+-------++-------
Melee: Spear             |    47 |    53 ||   100
       Short sword       |     6 |       ||     6
       Dagger            |     8 |    15 ||    23
       Unarmed           |       |     5 ||     5
       Punch             |       |     2 ||     2
       Trident           |       |    17 ||    17
Throw: Stone             |     1 |    16 ||    17
Invok: Berserk           |     1 |     4 ||     5
 Abil: Spit Poison       |    14 |    22 ||    36
 Stab: Sleeping          |     4 |     5 ||     9
Armor: Animal skin       |     2 |       ||     2
       Leather armour    |     6 |       ||     6
       Ring mail         |     9 |    28 ||    37
Dodge: Dodged            |    27 |    43 ||    70
